 Dungeon Crawl Stone Soup version 0.31-a0-876-gfe8ebadbca (webtiles) character file.

Game seed: 12992556147866245171

151 BinkBink the Shooter (level 5, -5/25 HPs)
             Began as a Spriggan Hunter on Oct 13, 2023.
             Was a Follower of Dithmenos.
             Slain by an orc
             ... wielding a +3 whip of electrocution
              (14 damage)
             ... on level 3 of the Dungeon.
             The game lasted 00:02:06 (1499 turns).

BinkBink the Shooter (Spriggan Hunter)              Turns: 1499, Time: 00:02:07

Health: -5/25      AC:  2    Str:  7    XL:     5   Next: 11%
Magic:  0/6        EV: 19    Int: 11    God:    Dithmenos [*.....]
Gold:   112        SH:  0    Dex: 20    Spells: 4/4 levels left

rFire   . . .        a - +0 shortbow
rCold   . . .        (shield currently unavailable)
rNeg    . . .        c - +0 robe
rPois   .            (helmet restricted)
rElec   .            (no cloak)
rCorr   .            (gloves unavailable)
SInv    +            (boots unavailable)
Will    .....        h - amulet of guardian spirit
Stlth   +++          (no ring)
HPRegen 0.24/turn    (no ring)
MPRegen 0.10/turn

%: guardian spirit
@: wreathed by umbra, very quick
A: very small, no large weapons, unfitting armour, see invisible, speed 3
a: Renounce Religion


You were on level 3 of the Dungeon.
You worshipped Dithmenos.
Dithmenos was aware of your devotion.
You visited 1 branch of the dungeon, and saw 3 of its levels.

You collected 112 gold pieces.

Inventory:

Hand Weapons
 a - a +0 shortbow (weapon)
Armour
 c - a +0 robe (worn)
Jewellery
 h - an amulet of guardian spirit (around neck)
Scrolls
 b - 2 scrolls of butterflies
 d - 2 scrolls of identify {unknown}
 f - 2 scrolls of fear {unknown}
 g - 3 scrolls of teleportation {unknown}
 i - a scroll of noise {unknown}
 k - a scroll of acquirement {unknown}
Potions
 e - a potion of enlightenment {unknown}
 j - a potion of haste {unknown}
 l - a potion of attraction {unknown}
 m - 2 potions of cancellation {unknown}
 n - a potion of mutation {unknown}
 o - a potion of heal wounds {unknown}


   Skills:
 - Level 1.5 Fighting
 * Level 5.4 Ranged Weapons
 + Level 4.1 Dodging
 + Level 4.0 Stealth


You had 4 spell levels left.
You didn't know any spells.
Your spell library was empty.

Dungeon Overview and Level Annotations

Branches:
Dungeon (3/15)

Altars:
Dithmenos


Innate Abilities, Weirdness & Mutations

You are very small and have problems with some larger weapons.
You are too small for most types of armour.
You have supernaturally acute eyesight. (SInv)
You cover ground extremely quickly. (Speed+++)


Message History

You hear a bark!
You hear a shout!
You shoot an arrow. The arrow hits the rat!
You kill the rat!
Dithmenos accepts your kill.
No target in view!
No target in view!
No target in view!
An orc comes into view. It is wielding a +0 dagger.
An orc is nearby!
An orc is nearby!
You shoot an arrow. The arrow hits the orc.
The orc is severely wounded.
A jackal comes into view.
An orc comes into view.
It is wielding a +3 whip of electrocution.
You shoot an arrow. The arrow closely misses the orc.
The orc shouts!
An orc comes into view. It is wielding a +0 club.
You shoot an arrow.
The arrow hits the orc but does no damage.
The orc is severely wounded.
You shoot an arrow.
The arrow hits the orc but does no damage.
The orc is severely wounded.
You shoot an arrow. The arrow hits the orc.
You kill the orc!
Dithmenos accepts your kill.
You shoot an arrow. The arrow barely misses the orc.
The orc hits you with a +3 whip of electrocution.
You shoot an arrow. The arrow closely misses the jackal.
The jackal barely misses you. The orc closely misses you.
The orc hits you with a +3 whip of electrocution!
The jackal barely misses you.
You shoot an arrow. The arrow completely misses the jackal.
The jackal closely misses you. The orc barely misses you.
You shoot an arrow. The arrow closely misses the jackal.
The jackal closely misses you.
The orc hits you with a +3 whip of electrocution!
You are electrocuted!
Ouch! That really hurt!
You die...

#.## #######.~≈≈
#..# ........≈##
...####.##
........~≈~
.........#
........#.#
...####..#
.).......#.. ###..#
..........###
#...o#†..........###
#.##h......)........
#..@o##...######....
#....# #.. .......
#....# # ##.####
#....# #..... #....#
###### #....# #
...<.# # ......# # #


You could see 2 orcs and a jackal.

Vanquished Creatures
  Jessica (D:2)
  An iguana (D:3)
  3 adders (D:2)
  A worm (D:2)
  2 orcs (D:3)
  8 endoplasms
  2 giant cockroaches
  3 goblins
  3 hobgoblins
  3 jackals (D:3)
  8 quokkas
  7 ball pythons
  6 bats
  3 frilled lizards
  9 kobolds
  9 rats
69 creatures vanquished.

Notes
Turn   | Place    | Note
-------+----------+-------------------------------------------
     0 | D:1      | BinkBink the Spriggan Hunter began the quest for the Orb.
     0 | D:1      | Reached XP level 1. HP: 10/10 MP: 2/2
    62 | D:1      | Reached XP level 2. HP: 14/14 MP: 3/3
   388 | D:1      | Found a faded altar of an unknown god.
   457 | D:2      | Reached XP level 3. HP: 18/18 MP: 4/4
   560 | D:2      | Noticed Jessica
   564 | D:2      | Killed Jessica
   565 | D:2      | Reached XP level 4. HP: 22/22 MP: 5/5
   625 | D:2      | Reached skill level 5 in Ranged Weapons
   657 | D:2      | Found a shadowy altar of Dithmenos.
   793 | D:2      | Became a worshipper of Dithmenos the Shadowed
  1354 | D:3      | Reached XP level 5. HP: 25/25 MP: 6/6
  1487 | D:3      | Reached * piety under Dithmenos
  1499 | D:3      | Slain by an orc

Illustrated notes

Levels and vault maps discovered:
D:1:      orjb1_clovarrival, layout_rooms, basic_ecumenical_altar
D:2:      kennysheep_six_static_rooms, layout_basic, basic_altar,
          dreamdust_wishing_well, hangedman_decor_points, uniq_jessica
D:3:      layout_basic, minmay_crystal_water

Skill      XL: |  1  2  3  4  5 |
---------------+----------------+-----
Stealth        | 2 3 4 |  4.0
Dodging        | 3 4 |  4.1
Ranged Weapons | 5 |  5.4
Fighting       | |  1.5

Action                     |  1- 3 |  4- 6 || total
---------------------------+-------+-------++-------
   Fire: Shortbow          |    84 |   112 ||   196
 Armour: Robe              |     8 |    10 ||    18
  Dodge: Dodged            |    25 |    37 ||    62

Table legend: (Time is in decaauts)
 A = Elapsed time spent in this place.
 B = Non-inter-level travel time spent in this place.
 C = Inter-level travel time spent in this place.
 D = Time resting spent in this place.
 E = Time spent auto-exploring this place.
 F = Levels seen in this place.
 G = Mean time per level.
                   A        B        C        D        E       F      G
               +--------+--------+--------+--------+--------+-----+--------+
         Total |   1081 |   1011 |     70 |      0 |    713 |   3 |  360.3 |
       Dungeon |   1081 |   1011 |     70 |      0 |    713 |   3 |  360.3 |
               +--------+--------+--------+--------+--------+-----+--------+

Top non-repeatable levels by time:
     D:2: 612 daAuts
     D:1: 307 daAuts
     D:3: 161 daAuts
